AoeStats
← So sad

MegaRandom

508488502Analyzed
3v3 RM · 8d ago on Sep 22, 2026· 74m 17s· 6 players
Game mode
Random Map
Map size
Normal (6 player)
Population
200
Speed
Normal
Resources
Standard
Victory
Conquest
Starting age
Dark Age
Ending age
Imperial Age
RankedLock teamsTeams togetherTeam positionsShared explorationLock speedFull tech treeHidden civsTurbo modeCheats
Victory
Defeat
🇺🇦 Danes · Ukraine
1381
+15
🇧🇾 Varangians · Belarus
1373
+15
🇧🇾 Shu · Belarus
1366
+15
🇨🇱 Saxons · Chile
1536
-22
🇨🇱 Vietnamese · Chile
1312
-13
🇨🇱 Varangians · Chile
1211
-10
AiM | Pibe cantina
0:38 Loom
10:28 Feudal Age
10:59 Double-Bit Axe
17:37 Fletching
19:08 Padded Archer Armor
24:50 Castle Age
25:01 Crossbowman
25:02 Elite Skirmisher
25:39 Bodkin Arrow
26:00 Leather Archer Armor
27:56 Bow Saw
27:49 Town Watch
28:39 Wheelbarrow
29:00 Ballistics
29:36 Thumb Ring
32:22 Hand Cart
41:19 Imperial Age
42:15 Bracer
43:31 Chemistry
43:20 Hoardings
43:14 Imperial Skirmisher
46:31 Elite Rattan Archer
47:36 Paper Money
51:17 Light Cavalry
52:08 Bloodlines
52:09 Scale Barding Armor
52:15 Forging
52:35 Ring Archer Armor
55:07 Husbandry
55:33 Chain Barding Armor
55:48 Iron Casting
57:54 Plate Barding Armor
57:53 Horse Collar
59:17 Two-Man Saw
59:59 Murder Holes
60:14 Masonry
65:15 Heavy Plow
65:39 Scale Mail Armor
66:48 Pikeman
67:59 Chain Mail Armor
68:29 Treadmill Crane
68:52 Halberdier
71:05 Squires
73:19 Plate Mail Armor
72:13 Elite Fire Lancer
AiM | Velatrixxx
0:38 Loom
7:38 Loom
10:11 Feudal Age
12:07 Double-Bit Axe
14:59 Forging
14:59 Horse Collar
22:02 Castle Age
21:01 Gold Mining
22:09 Scale Barding Armor
22:19 Bloodlines
22:25 Fletching
24:27 Bodkin Arrow
28:28 Wheelbarrow
29:12 Bow Saw
29:29 Padded Archer Armor
30:42 Heavy Plow
37:23 Leather Archer Armor
41:51 Imperial Age
40:41 Town Watch
42:12 Iron Casting
43:09 Ballistics
44:37 Husbandry
46:13 Chemistry
46:28 Cavalier
46:51 Treadmill Crane
49:45 Chain Barding Armor
53:18 Conscription
68:27 Scale Mail Armor
73:11 Hand Cart
AiM | PoRRo
0:35 Loom
9:03 Feudal Age
14:02 Fletching
18:40 Horse Collar
18:52 Double-Bit Axe
21:09 Wheelbarrow
23:47 Castle Age
22:43 Gold Mining
23:51 Crossbowman
24:28 Bodkin Arrow
25:33 Padded Archer Armor
26:54 Ballistics
30:06 Leather Archer Armor
32:09 Husbandry
35:12 Imperial Age
36:50 Thumb Ring
36:59 Bracer
39:21 Elite Skirmisher
40:21 Imperial Skirmisher
43:16 Chemistry
42:59 Capped Ram
50:31 Heresy
53:01 Ring Archer Armor
52:50 Light Cavalry
54:24 Bloodlines
54:22 Scale Barding Armor
54:25 Hussar
55:34 Heavy Plow
56:11 Chain Barding Armor
56:46 Forging
57:43 Ring Archer Armor
56:34 Cavalier
61:20 Hand Cart
61:38 Conscription
60:41 Arbalester
62:17 Town Watch
63:23 Iron Casting
64:41 Elite Varangian Guard
66:01 Caravan
66:19 Squires
66:25 Scale Mail Armor
68:36 Chain Mail Armor
70:00 Gambesons
70:03 Pikeman
72:56 Plate Mail Armor
NiL
0:36 Loom
0:42 Loom
10:11 Feudal Age
10:56 Man-at-Arms
20:57 Double-Bit Axe
22:29 Horse Collar
26:05 Castle Age
24:02 Fletching
25:09 Gold Mining
25:15 Stone Mining
26:42 Wheelbarrow
25:52 Town Watch
26:11 Padded Archer Armor
26:21 Scale Mail Armor
26:32 Forging
27:38 Bodkin Arrow
30:27 Leather Archer Armor
31:35 Bow Saw
31:42 Elite Skirmisher
32:43 Chain Mail Armor
34:25 Iron Casting
35:31 Hand Cart
39:19 Imperial Age
36:58 Hamask
38:26 Thumb Ring
39:46 Ballistics
39:21 Gambesons
39:36 Squires
39:21 Arson
39:22 Elite Jomsviking
40:26 Conscription
41:24 Hoardings
42:36 Chemistry
41:33 Murder Holes
43:14 Bracer
43:52 Ring Archer Armor
46:31 Plate Mail Armor
47:01 Blast Furnace
46:07 Northmen's Fury
47:35 Masonry
47:30 Siege Engineers
47:18 Guard Tower
53:00 Cranequins
53:49 Scale Barding Armor
59:10 Chain Barding Armor
66:27 Gold Shaft Mining
66:27 Stone Shaft Mining
65:59 Heavy Plow
68:03 Caravan
68:33 Coinage
69:12 Onager
70:39 Siege Onager
72:10 Keep
71:20 Arrowslits
72:10 Heavy Scorpion
HURMA
0:34 Loom
11:21 Feudal Age
11:50 Double-Bit Axe
16:35 Castle Age
15:05 Horse Collar
19:08 Forging
19:10 Bloodlines
24:25 Scale Barding Armor
25:59 Heavy Plow
27:55 Husbandry
28:22 Chain Barding Armor
29:19 Town Watch
30:18 Gold Mining
35:29 Imperial Age
33:36 Wheelbarrow
34:08 Iron Casting
37:23 Plate Barding Armor
40:20 Blast Furnace
38:56 Elite Jarl
40:24 Hand Cart
41:49 Bow Saw
42:22 Conscription
42:20 Fletching
44:31 Padded Archer Armor
44:27 Bodkin Arrow
47:52 Coinage
48:30 Stone Mining
49:15 Fortified Wall
50:58 Masonry
52:01 Stone Shaft Mining
51:12 Light Cavalry
52:23 Crop Rotation
54:10 Gothikon
54:14 Vendel Legacy
55:11 Guilds
56:45 Two-Man Saw
56:59 Banking
57:54 Bracer
58:10 Leather Archer Armor
59:15 Elite Skirmisher
62:27 Ring Archer Armor
63:21 Siege Engineers
63:37 Ballistics
64:18 Chemistry
63:57 Caravan
71:02 Architecture
70:13 Treadmill Crane
72:21 Scale Mail Armor
72:43 Clinker Construction
72:54 Shipwright
So sad
11:25 Feudal Age
10:06 Loom
15:50 Fletching
21:13 Castle Age
19:49 Padded Archer Armor
20:02 Town Watch
23:01 Crossbowman
25:52 Double-Bit Axe
27:19 Bow Saw
28:59 Thumb Ring
29:25 Bodkin Arrow
29:49 Leather Archer Armor
33:24 Wheelbarrow
37:32 Gold Mining
41:44 Imperial Age
41:30 Elite Skirmisher
42:24 Scale Mail Armor
42:36 Forging
42:54 Conscription
43:43 Chemistry
44:54 Masonry
49:20 Architecture
59:47 Gold Shaft Mining
59:03 Stone Mining
62:24 Two-Man Saw
63:29 Hand Cart
63:43 Hand Cart
68:05 Bracer
68:36 Ring Archer Armor
68:43 Ballistics
68:07 Treadmill Crane
70:28 Town Patrol
Connection lost

Rejoining the realm…

Still unreachable

The connection could not be restored.

Session expired

The server has moved on; the page needs a fresh start.